AoeStats
← Dd

Arabia

510019016Analyzed
4v4 RM · 3d ago on Sep 29, 2026· 58m 48s· 8 players
Game mode
Random Map
Map size
Large (8 player)
Population
200
Speed
Normal
Resources
Standard
Victory
Conquest
Starting age
Dark Age
Ending age
Imperial Age
RankedLock teamsTeams togetherTeam positionsShared explorationLock speedFull tech treeHidden civsTurbo modeCheats
Victory
Defeat
🇲🇽 Mongols · Mexico
1431
+16
🇺🇸 Huns · United States
1423
+17
🇲🇽 Britons · Mexico
1420
+17
🇨🇴 Franks · Colombia
1407
+17
🇦🇷 Khmer · Argentina
1497
-19
🇦🇷 Maya · Argentina
1452
-17
🇨🇳 Vietnamese · China
1435
-17
🇧🇩 Magyars · Bangladesh
1372
-14
BP | ham.io
6:19 Loom
8:32 Feudal Age
7:04 Loom
8:58 Double-Bit Axe
12:58 Fletching
17:12 Padded Archer Armor
25:38 Castle Age
24:52 Horse Collar
25:09 Stone Mining
25:43 Crossbowman
26:28 Thumb Ring
26:36 Bodkin Arrow
28:28 Leather Archer Armor
29:15 Ballistics
32:17 Wheelbarrow
44:18 Imperial Age
45:37 Drill
44:58 Onager
54:53 Husbandry
MEX_Angel_Tj
6:27 Loom
9:12 Feudal Age
9:52 Double-Bit Axe
11:28 Fletching
14:11 Padded Archer Armor
20:03 Wheelbarrow
24:40 Castle Age
23:20 Horse Collar
24:47 Crossbowman
25:25 Bodkin Arrow
25:45 Leather Archer Armor
27:42 Ballistics
37:06 Bow Saw
39:33 Imperial Age
37:49 Forging
40:11 Hand Cart
40:24 Gold Mining
40:12 Arbalester
41:33 Bracer
43:47 Ring Archer Armor
44:21 Chemistry
43:08 Town Watch
45:04 Two-Man Saw
44:57 Yeomen
46:39 Town Patrol
48:43 Scale Mail Armor
49:19 Iron Casting
48:05 Pikeman
48:46 Squires
49:58 Halberdier
52:40 Sappers
53:11 Warwolf
57:06 Chain Mail Armor
57:51 Blast Furnace
57:56 Heavy Plow
Saruman 117
6:31 Loom
9:01 Feudal Age
9:54 Double-Bit Axe
13:29 Forging
19:04 Scale Barding Armor
21:12 Wheelbarrow
25:24 Castle Age
24:03 Gold Mining
25:19 Scale Mail Armor
26:43 Iron Casting
25:51 Light Cavalry
25:55 Pikeman
27:29 Chain Barding Armor
27:13 Husbandry
28:42 Squires
29:28 Gold Shaft Mining
29:05 Bow Saw
41:41 Imperial Age
41:15 Hand Cart
42:55 Plate Barding Armor
41:58 Cavalier
44:55 Blast Furnace
50:29 Town Watch
53:24 Paladin
57:32 Caravan
_WizarD_
7:03 Loom
9:19 Feudal Age
9:48 Double-Bit Axe
15:32 Forging
17:17 Bloodlines
18:03 Wheelbarrow
22:00 Castle Age
20:41 Scale Barding Armor
20:38 Gold Mining
20:53 Horse Collar
23:33 Chain Barding Armor
29:01 Iron Casting
30:52 Bow Saw
36:48 Gold Shaft Mining
40:03 Imperial Age
39:18 Heavy Plow
39:19 Stone Mining
40:11 Hand Cart
39:43 Town Watch
40:11 Cavalier
41:28 Plate Barding Armor
41:54 Blast Furnace
42:09 Two-Man Saw
41:33 Paladin
42:15 Husbandry
54:31 Town Patrol
56:52 Fletching
57:02 Padded Archer Armor
58:20 Bodkin Arrow
[MP] Lauchav
0:26 Loom
9:45 Feudal Age
10:14 Double-Bit Axe
14:27 Fletching
17:26 Padded Archer Armor
24:38 Castle Age
23:40 Horse Collar
25:10 Gold Mining
25:17 Bodkin Arrow
24:44 Crossbowman
26:26 Thumb Ring
30:11 Wheelbarrow
30:28 Ballistics
31:51 Bow Saw
32:46 Hand Cart
35:19 Heavy Plow
40:28 Imperial Age
41:38 Bracer
40:59 Arbalester
42:19 Leather Archer Armor
43:59 Chemistry
44:30 Ring Archer Armor
45:32 Two-Man Saw
51:40 Scale Mail Armor
51:50 Forging
52:19 Pikeman
52:44 Arson
53:01 Squires
53:18 Chain Mail Armor
53:36 Crop Rotation
54:21 Iron Casting
54:57 Plate Mail Armor
53:56 Eagle Warrior
53:56 Halberdier
54:52 Caravan
Dd
6:53 Loom
9:42 Feudal Age
11:00 Double-Bit Axe
12:28 Horse Collar
14:13 Padded Archer Armor
14:06 Fletching
15:51 Padded Archer Armor
24:18 Castle Age
23:17 Gold Mining
24:24 Crossbowman
25:02 Bodkin Arrow
26:03 Bow Saw
26:44 Ballistics
32:52 Thumb Ring
35:25 Leather Archer Armor
37:18 Wheelbarrow
36:43 Elite Skirmisher
45:53 Imperial Age
48:14 Imperial Age
Gunslinger
6:39 Loom
9:35 Feudal Age
10:21 Double-Bit Axe
13:51 Horse Collar
18:33 Scale Barding Armor
25:49 Castle Age
23:48 Gold Mining
24:25 Bloodlines
26:57 Chain Barding Armor
26:50 Bow Saw
30:46 Wheelbarrow
33:46 Heavy Plow
34:39 Hand Cart
35:06 Gold Shaft Mining
39:08 Imperial Age
39:16 Cavalier
41:24 Two-Man Saw
41:32 Paladin
43:22 Plate Barding Armor
|MP| patrick
6:06 Loom
8:50 Feudal Age
9:31 Double-Bit Axe
13:39 Horse Collar
15:42 Forging
15:51 Scale Barding Armor
16:59 Forging
18:14 Wheelbarrow
19:06 Bloodlines
20:52 Gold Mining
23:28 Castle Age
24:31 Chain Barding Armor
24:26 Husbandry
24:52 Bow Saw
30:21 Town Watch
31:41 Heavy Plow
36:43 Hand Cart
37:22 Scale Mail Armor
38:01 Iron Casting
43:43 Imperial Age
42:11 Town Patrol
42:42 Stone Mining
45:06 Plate Barding Armor
44:00 Cavalier
45:41 Blast Furnace
46:20 Crop Rotation
46:54 Gold Shaft Mining
46:45 Elite Battle Elephant
48:06 Conscription
47:58 Tusk Swords
47:56 Light Cavalry
48:49 Fletching
50:40 Bodkin Arrow
52:02 Bracer
52:13 Hussar
Connection lost

Rejoining the realm…

Still unreachable

The connection could not be restored.

Session expired

The server has moved on; the page needs a fresh start.